 Seeded DCSS version 0.30.0-5-g1a98f26d00 (webtiles) character file.

Game seed: 3 (custom seed)

259 Kazon the Trooper (level 6, -5/51 (53) HPs)
             Began as a Hill Orc Monk on May 11, 2023.
             Was a Believer of Beogh.
             Slain by a gnoll
             ... wielding a +0 flail
              (6 damage)
             ... on level 4 of the Dungeon.
             The game lasted 00:11:42 (2427 turns).

Kazon the Trooper (Hill Orc Monk)                   Turns: 2427, Time: 00:11:43

HP:   -5/51 (53)    AC:  5    Str: 16    XL:     6   Next: 17%
MP:   7/7           EV: 12    Int: 10    God:    Beogh [**....]
Gold: 225           SH:  0    Dex: 13    Spells: 5/5 levels left

rFire   + . .        e - +0 war axe
rCold   . . .        d - orb {light}
rNeg    . . .        b - +1 leather armour {rPois}
rPois   +            (no helmet)
rElec   .            (no cloak)
rCorr   .            l - +0 pair of gloves
SInv    .            (no boots)
Will    .....        (no amulet)
Stlth   +            v - ring of protection from fire
HPRegen 0.28/turn    (no ring)
MPRegen 0.10/turn

%: no passive effects
@: glowing, lightly drained
A: no striking features
a: Renounce Religion, Smiting


You were on level 4 of the Dungeon.
You worshipped Beogh.
Beogh was pleased with you.
You visited 1 branch of the dungeon, and saw 4 of its levels.

You collected 225 gold pieces.

Inventory:

Hand Weapons
 a - a +0 mace
 e - a +0 war axe (weapon)
Missiles
 i - 4 stones (quivered)
 r - 7 poisoned darts
 x - a curare-tipped dart
Armour
 b - a +1 leather armour of poison resistance (worn)
 d - an orb of light (worn)
 l - a +0 pair of gloves (worn)
 u - a +0 plate armour
 w - a +0 kite shield
Jewellery
 v - a ring of protection from fire (left hand)
Scrolls
 f - 2 scrolls of fear {unknown}
 g - a scroll of vulnerability {unknown}
 h - 2 scrolls of identify {unknown}
 m - 3 scrolls of teleportation {unknown}
 n - a scroll of blinking {unknown}
 o - a scroll of enchant armour {unknown}
 t - a scroll of fog {unknown}
Potions
 c - 2 potions of ambrosia
 j - 3 potions of degeneration {unknown}
 k - 2 potions of heal wounds
 p - a potion of magic {unknown}
 q - 2 potions of brilliance {unknown}
 s - a potion of curing {unknown}


   Skills:
 + Level 4.7 Fighting
 + Level 3.6(4.9) Axes
 + Level 4.1(4.6) Maces & Flails
 + Level 0.8 Throwing
 + Level 1.6 Armour
 + Level 3.2 Dodging
 + Level 0.4 Stealth
 * Level 1.4 Invocations


You had 5 spell levels left.
You didn't know any spells.
Your spell library contained the following spells:

 Spells                   Type           Power      Damage    Failure   Level
 Beastly Appendage        Tmut           0%         N/A       43%         1
 Wereblood                Tmut           0%         N/A       56%         2
 Spider Form              Tmut/Pois      0%         N/A       80%         3


Dungeon Overview and Level Annotations

Branches:
Dungeon (4/15)
 Temple: D:4-7

Altars:
Nemelex Xobeh

Shops:
D:3 [


Message History

The gnoll barely misses you.
It was a potion of heal wounds.
You feel much better.
The gnoll hits you from afar with a +0 halberd.
The gnoll hits you with a +0 halberd.
You hit the gnoll.
The gnoll is heavily wounded.
You hit the gnoll. The gnoll hits you with a +0 flail!
The gnoll closely misses you.
You hit the gnoll.
The gnoll is heavily wounded.
You hit the gnoll but do no damage. The gnoll closely misses you. x2
The gnoll misses you. The gnoll hits you with a +0 halberd!
You slash the gnoll!
You kill the gnoll!
Beogh accepts your kill.
You hit the gnoll. You hit the gnoll but do no damage.
The gnoll barely misses you.
The gnoll hits you with a +2 flail of draining!
You feel drained.
* * * LOW HITPOINT WARNING * * *
You hit the gnoll.
The gnoll is severely wounded.
You hit the gnoll. The gnoll completely misses you.
The gnoll hits you with a +2 flail of draining.
* * * LOW HITPOINT WARNING * * *
You feel drained.
You hit the gnoll.
The gnoll is severely wounded.
You hit the gnoll. The gnoll barely misses you. The gnoll closely misses you.
You slash the gnoll!
You kill the gnoll!
Beogh accepts your kill.
You hit the gnoll but do no damage. The gnoll hits you with a +0 flail!
* * * LOW HITPOINT WARNING * * *
The gnoll closely misses you.
Unknown command.
You barely miss the gnoll.
The gnoll is severely wounded.
The gnoll hits you with a +0 flail.
You die...

...........#..#
.......<.....#
#............#
...........o##
............#######
...........)).....#
............).....#
#....(....#.)g....#
..[#.#..#...)@!...#
..#.#..#####..####
#.... #....# #.
#....# .!.......
.#........
........... ..
.######## ... .


You could see a gnoll and a neutral orc (wandering).

Vanquished Creatures
  A kobold brigand (D:4)
  A scorpion (D:4)
  An orc wizard (D:4)
  2 gnolls (D:4)
  2 adders (D:2)
  A worm (D:2)
  2 dart slugs
  An orc (D:3)
  4 bats
  6 endoplasms
  3 giant cockroaches
  9 goblins
  8 hobgoblins
  3 jackals (D:1)
  3 kobolds
  2 quokkas (D:1)
  4 ball pythons
  6 frilled lizards
  4 rats
63 creatures vanquished.

Vanquished Creatures (others)
  An orc (D:4)
1 creature vanquished.

Grand Total: 64 creatures vanquished

Notes
Turn   | Place    | Note
-------+----------+-------------------------------------------
     0 | D:1      | Kazon the Hill Orc Monk began the quest for the Orb.
     0 | D:1      | Reached XP level 1. HP: 19/19 MP: 1/1
    76 | D:1      | Reached XP level 2. HP: 18/27 MP: 2/2
   229 | D:1      | Reached XP level 3. HP: 14/33 MP: 3/3
   236 | D:1      | Found a faded altar of an unknown god.
   352 | D:1      | Reached skill level 1 in Axes
   960 | D:2      | Reached XP level 4. HP: 14/40 MP: 4/4
  1280 | D:2      | Reached skill level 1 in Armour
  1916 | D:3      | Found Ydegiw's Antique Armour Boutique.
  2234 | D:4      | Noticed a scorpion
  2244 | D:4      | Killed a scorpion
  2245 | D:4      | Reached XP level 5. HP: 36/47 MP: 5/5
  2268 | D:4      | Found a sparkling altar of Nemelex Xobeh.
  2386 | D:4      | Became a worshipper of Beogh the Brigand
  2386 | D:4      | Reached * piety under Beogh
  2386 | D:4      | Reached ** piety under Beogh
  2390 | D:4      | Noticed a kobold brigand
  2405 | D:4      | Killed a kobold brigand
  2406 | D:4      | Reached skill level 1 in Invocations
  2406 | D:4      | Reached XP level 6. HP: 30/53 MP: 5/7
  2426 | D:4      | HP: 1/50 [gnoll/+0 flail (10)]
  2427 | D:4      | Slain by a gnoll

Illustrated notes

Levels and vault maps discovered:
D:1:      beargit_arrival_greenhouse, layout_loops_ring,
          nicolae_ecumenical_lake_church, grunt_decor_mini_mirrors
D:2:      layout_basic
D:3:      layout_basic, serial_shops, shop
D:4:      layout_rooms, nemelex_xobeh_ov_fountains_minmay,
          uniq_crazy_yiuf_cottage

Skill      XL: |  1  2  3  4  5 |
---------------+----------------+-----
Fighting       | 4 |  4.7
Axes           | 1 2 3 |  3.6
Maces & Flails | 4 |  4.1
Armour         | 1 |  1.6
Dodging        | 3 |  3.2
Invocations    | 1 |  1.4
Throwing       | |  0.8
Stealth        | |  0.4

Action                     |  1- 3 |  4- 6 || total
---------------------------+-------+-------++-------
  Melee: War axe           |    23 |    53 ||    76
         Mace              |    66 |    21 ||    87
  Throw: Stone             |     1 |    18 ||    19
 Invoke: Convert to Beogh  |       |     1 ||     1
    Use: Potion            |       |     1 ||     1
 Armour: Robe              |    17 |     7 ||    24
         Leather armour    |       |    10 ||    10
         Plate armour      |       |     1 ||     1
  Dodge: Dodged            |    67 |    56 ||   123
